 Dungeon Crawl Stone Soup version 0.23.2-33-g5129a83184 (webtiles) character file.

Game seed: 1258509925927124996

50 Kold the Insei (level 3, 0/23 HPs)
             Began as an Octopode Transmuter on July 23, 2019.
             Succumbed to an adder's poison
             ... on level 2 of the Dungeon.
             The game lasted 00:02:50 (1555 turns).

Kold the Insei (Octopode Transmuter)                Turns: 1555, Time: 00:02:51

Health: 0/23       AC:  1    Str: 10    XL:     3   Next: 79%
Magic:  5/6        EV: 13    Int: 20    God:
Gold:   68         SH:  0    Dex: 12    Spells: 5/6 levels left

rFire    . . .     SeeInvis .     - Unarmed
rCold    . . .     Gourm    .   (no shield)
rNeg     . . .     Faith    .   (helmet restricted)
rPois    .         Spirit   .   (no amulet)
rElec    .         Reflect  .   (no ring)
rCorr    .         Harm     .   (no ring)
MR       .....                  (no ring)
Stlth    +++.......             (no ring)
HPRegen  0.07/turn              (no ring)
MPRegen  0.10/turn              (no ring)
                                (no ring)
                                (no ring)

@: brilliant, lethally poisoned (0 -> -6), appendage (expiring), very slightly
contaminated
A: almost no armour, stealthy swim, amphibious, 8 rings, constrict 8, tentacle
spike 3, camouflage 1, gelatinous body 1
a: End Transformation


You were on level 2 of the Dungeon.
You were hungry.
One of your tentacles had a temporary spike.
You visited 1 branch of the dungeon, and saw 2 of its levels.

You collected 68 gold pieces.

Inventory:

Missiles
 a - 61 arrows
Jewellery
 b - an uncursed ring of protection from fire
Scrolls
 d - a scroll of blinking {unknown}
 f - 2 scrolls of remove curse {unknown}
 g - a scroll of enchant armour {unknown}
 h - 2 scrolls of identify {unknown}
Potions
 j - a potion of might {unknown}
Comestibles
 c - a ration
 i - 5 chunks of flesh


   Skills:
 - Level 1.0 Fighting
 + Level 2.5 Dodging
 + Level 2.2 Stealth
 + Level 3.4 Unarmed Combat
 - Level 2.0 Spellcasting
 + Level 2.6 Transmutations


You had 5 spell levels left.
You knew the following spells:

 Your Spells              Type           Power        Failure   Level  Hunger
a - Beastly Appendage     Tmut           ###...       1%          1    #......

Your spell library contained the following spells:

 Spells                   Type           Power        Failure   Level  Hunger
 Sticks to Snakes         Tmut           ###.....     1%          2    ##.....
 Spider Form              Tmut/Pois      ###.......   3%          3    ###....
 Ice Form                 Ice/Tmut       ###.....     11%         4    #####..
 Blade Hands              Tmut           ###.......   16%         5    ######.


Dungeon Overview and Level Annotations

Branches:
Dungeon (2/15)

Altars:
Wu Jian


Innate Abilities, Weirdness & Mutations

You cannot wear most types of armour.
You are very stealthy in the water. (Stealth+)
You are amphibious.
You can wear up to eight rings at the same time.
You can use your tentacles to constrict eight enemies at once.
Your skin changes colour to match your surroundings (Stealth+).
Your rubbery body absorbs attacks. (AC +1, EV +1)
One of your tentacles bears a large vicious spike.


Message History

You closely miss the goblin. You grab the goblin.
The goblin is moderately wounded.
You constrict the goblin. You constrict the worm. The worm bites you.
You tentacle-slap the worm.
The worm is almost dead.
You constrict the goblin.
You kill the goblin!
You constrict the worm. The adder bites you. The adder barely misses you.
You tentacle-slap the worm.
You kill the worm!
The dart slug launches a dart at you. The slug dart hits you.
* * * LOW HITPOINT WARNING * * *
The adder bites you.
* * * LOW HITPOINT WARNING * * *
You are lethally poisoned!
The adder poisons you!
It was a potion of brilliance.
You feel clever all of a sudden.
Your transformation is almost over.
You die...

.# #...>#.....## ..
##..##......# ##
.###.##......# # # ##
......#......#.## .#
.#### ##..............#
....## ##.......##...#
.....## #.......###..###
......###.......#S......
........#..####.@†..#
............[####)....?.
.............# ##....%..
.............##....w....
........................
.....................%..
.............#..###.....
.............>..........
.(#........)..####..


You could see an adder and a dart slug.

Vanquished Creatures
  An ooze (D:2)
  A worm (D:2)
  A dart slug (D:1)
  A ball python (D:2)
  3 bats
  3 giant cockroaches
  13 goblins
  6 hobgoblins
  A kobold (D:2)
  A frilled lizard (D:1)
  7 rats
38 creatures vanquished.

Notes
Turn   | Place    | Note
-------+----------+-------------------------------------------
     0 | D:1      | Kold the Octopode Transmuter began the quest for the Orb.
     0 | D:1      | Reached XP level 1. HP: 13/13 MP: 3/3
   226 | D:1      | Reached skill level 1 in Stealth
   226 | D:1      | Reached XP level 2. HP: 12/18 MP: 3/5
   955 | D:2      | Reached XP level 3. HP: 7/23 MP: 4/6
  1469 | D:2      | Found an ornate altar of the Wu Jian Council.
  1554 | D:2      | HP: 1/23 [adder (4)]
  1555 | D:2      | Succumbed to an adder's poison

Skill      XL: |  1  2  3 |
---------------+----------+-----
Stealth        | 1 2 |  2.2
Fighting       | |  1.0
Dodging        | |  2.5
Unarmed Combat | |  3.4
Spellcasting   | |  2.0
Transmutations | |  2.6

Action                   || total
-------------------------++-------
Melee: Unarmed           ||    80
       Constrict         ||    27
       Kick              ||    14
       Tentacles         ||    12
 Cast: Beastly Appendage ||    21
  Use: Potion            ||     1
 Stab: Sleeping          ||     2
  Eat: Chunk             ||     2
Armor: Skin              ||     5
Dodge: Dodged            ||    55
